 Dungeon Crawl Stone Soup version 0.29.0-4-gdea44cf6ec (webtiles) character file.

Game seed: 12650111859264732982

47 qw the Ruffian (level 3, -1/28 HPs)
             Began as a Ghoul Fire Elementalist on Aug 29, 2022.
             Killed from afar by Natasha (7 damage)
             ... with a magic dart
             ... on level 2 of the Dungeon.
             The game lasted 00:01:07 (1823 turns).

qw the Ruffian (Ghoul Fire Elementalist)            Turns: 1823, Time: 00:01:08

Health: -1/28      AC:  6    Str: 13    XL:     3   Next: 70%
Magic:  4/4        EV:  9    Int: 10    God:
Gold:   43         SH:  0    Dex:  9    Spells: 4/5 levels left

rFire   . . .      SeeInvis .     - Unarmed
rCold   + . .      Faith    .   (no shield)
rNeg    + + +      Spirit   .   d - +0 scale mail
rPois   inf        Reflect  .   (no helmet)
rElec   .          Harm     .   (no cloak)
rCorr   .          Rampage  .   (no gloves)
Will    .....                   (no boots)
Stlth   ..........              (no amulet)
HPRegen 0.00/turn               (no ring)
MPRegen 0.09/turn               (no ring)

@: about to teleport, inhibited regen, slowed, very slow
A: claws 1, cold resistance 1, negative energy resistance 3, inhibited
regeneration, torment resistance 2, devour on kill
a: no special abilities


You were on level 2 of the Dungeon.
You visited 1 branch of the dungeon, and saw 2 of its levels.

You collected 43 gold pieces.


Innate Abilities, Weirdness & Mutations

You are immune to poison.
You have sharp fingernails.
Your flesh is cold resistant. (rC+)
You are immune to negative energy. (rN+++)
You do not regenerate when monsters are visible.
You are immune to unholy pain and torment.
You thrive by killing the living.


   Skills:
 - Level 1.0 Fighting
 - Level 1.7 Dodging
 - Level 2.1 Stealth
 + Level 3.2 Unarmed Combat
 - Level 1.7 Spellcasting
 - Level 0.7 Conjurations
 - Level 2.4 Fire Magic


You had 4 spell levels left.
You knew the following spells:

 Your Spells              Type           Power      Damage    Failure   Level
a - Foxfire               Conj/Fire      16%        2x1d4     63%         1

Your spell library contained the following spells:

 Spells                   Type           Power      Damage    Failure   Level
 Scorch                   Fire           10%        2d6       65%         2
 Conjure Flame            Conj/Fire      4%         6-21      94%         3
 Inner Flame              Hex/Fire       3%         N/A       96%         3
 Flame Wave               Conj/Fire      4%         2d5       100%        4

Inventory:

Missiles
 a - 3 boomerangs (quivered)
Armour
 d - a +0 scale mail (worn)
Scrolls
 Y - a scroll of teleportation
Potions
 e - a potion of heal wounds {unknown}

Dungeon Overview and Level Annotations

Branches:
Dungeon (2/15)

Altars:

Annotations:
D:2 Natasha


Message History

Natasha drinks a potion.
Natasha seems to speed up.
The adder skeleton closely misses you.
You scratch the adder skeleton.
The adder skeleton is moderately damaged.
The giant cockroach zombie bites the withered plant.
The withered plant begins to crumble.
You closely miss Natasha.
The adder skeleton bites the withered plant.
The giant cockroach zombie bites the withered plant.
Natasha barely misses you.
You scratch the adder skeleton.
The adder skeleton is heavily damaged.
Natasha casts a spell.
The giant cockroach zombie bites the withered plant.
The adder skeleton bites you but does no damage.
1819 ||| Stepping ~*~*~tactically~*~*~ (outnumbered).
Natasha casts a spell at you. You resist with significant effort.
The giant cockroach zombie bites the withered plant.
Natasha mewls in sadness.
You scratch the adder skeleton.
You destroy the adder skeleton!
The withered plant crumbles away.
Natasha stares at you and mumbles some strange words.
You feel yourself slow down.
You miss Natasha.
Natasha claws you. x2; The adder skeleton misses you.
You closely miss Natasha. Natasha casts a spell at you.
The magic dart hits you. Natasha claws you.
The adder skeleton bites you but does no damage.
Natasha closely misses you.
1823 ||| READING 2 scrolls of teleportation.
As you read the scroll of teleportation, it crumbles to dust.
You feel strangely unstable.
The adder skeleton bites you but does no damage.
Natasha barely misses you. The adder skeleton bites you.
Natasha casts a spell at you. The magic dart hits you!
You die...

.....)#..#.......).....
. ..#........##...%.....
....##.#..#.###.##......
##....<....###.##.#...#
#######.......##.#...#
#.########.#...#
######.########.##.##
77.Zh##.#..>..##......
7.Z5Z@#.#.###.##.....#
7...7#.#.#.###.##.....#
7P..7....#.#...........
7...7####.......#.....#
7P.P #..#.#..#......
P.P7 #.......####.##


PhZP #.##..#.# #.# ZZ.P7 #.###.#.# #.# #.# #.#.# #.# You could see Natasha
(fast), a white imp (summoned), 2 giant cockroach zombies and an adder skeleton.

Vanquished Creatures
  A gnoll (D:1)
  An adder skeleton (D:2)
  A worm (D:2)
  4 bats
  A bat skeleton (D:2)
  3 endoplasms (D:1)
  2 giant cockroaches
  3 goblins
  3 jackals (D:1)
  2 quokkas
  3 ball pythons
  2 frilled lizards
  2 kobolds
28 creatures vanquished.

Vanquished Creatures (others)
  11 withered plants (D:2)
11 creatures vanquished.

Grand Total: 39 creatures vanquished

Notes
Turn   | Place    | Note
-------+----------+-------------------------------------------
     0 | D:1      | qw the Ghoul Fire Elementalist began the quest for the Orb.
     0 | D:1      | Reached XP level 1. HP: 14/14 MP: 2/2
     0 | D:1      | 0 ||| qw: Version: 0.1-a-90-g952f4b7
     0 | D:1      | 0 ||| qw: Game counter: 4247
     0 | D:1      | 0 ||| qw: Always use a shield: true
     0 | D:1      | 0 ||| qw: God list: Okawaru
     0 | D:1      | 0 ||| qw: Allow faded altars: false
     0 | D:1      | 0 ||| qw: Do Orc after D:15 true
     0 | D:1      | 0 ||| qw: Do second Lair branch before Depths: true
     0 | D:1      | 0 ||| qw: Lair rune preference: random
     0 | D:1      | 0 ||| qw: Plans: Normal
     0 | D:1      | 0 ||| PLANNING D:1-11
   150 | D:1      | Found a faded altar of an unknown god.
   172 | D:1      | 172 ||| Stepping ~*~*~tactically~*~*~ (outnumbered).
   183 | D:1      | Reached skill level 1 in Unarmed Combat
   319 | D:1      | Reached skill level 1 in Fighting
   319 | D:1      | Reached XP level 2. HP: 23/23 MP: 3/3
   338 | D:1      | HP: 2/23 [gnoll/+0 club (4)]
   342 | D:1      | Reached skill level 2 in Unarmed Combat
   836 | D:1      | 836 ||| Stepping ~*~*~tactically~*~*~ (stealth).
   837 | D:1      | 837 ||| Stepping ~*~*~tactically~*~*~ (stealth).
   838 | D:1      | 838 ||| Stepping ~*~*~tactically~*~*~ (stealth).
   982 | D:1      | 982 ||| Stepping ~*~*~tactically~*~*~ (stealth).
   996 | D:1      | Reached XP level 3. HP: 20/28 MP: 4/4
  1048 | D:1      | 1048 ||| Stepping ~*~*~tactically~*~*~ (stealth).
  1049 | D:1      | 1049 ||| Stepping ~*~*~tactically~*~*~ (stealth).
  1079 | D:1      | 1079 ||| Stepping ~*~*~tactically~*~*~ (stealth).
  1080 | D:1      | 1080 ||| Stepping ~*~*~tactically~*~*~ (stealth).
  1443 | D:1      | 1443 ||| UPGRADING to +0 leather armour.
  1453 | D:1      | 1453 ||| DROPPING +0 robe.
  1454 | D:1      | 1454 ||| UPGRADING to +0 scale mail.
  1464 | D:1      | 1464 ||| DROPPING +0 leather armour.
  1465 | D:1      | 1465 ||| READING scroll labelled ARU REDEMO.
  1466 | D:1      | 1466 ||| READING 2 scrolls labelled ZITTOS XOMMI.
  1471 | D:1      | 1471 ||| DROPPING potion of magic.
  1569 | D:2      | 1569 ||| Stepping ~*~*~tactically~*~*~ (outnumbered).
  1579 | D:2      | Reached skill level 3 in Unarmed Combat
  1585 | D:2      | 1585 ||| FLEEEEING.
  1593 | D:2      | 1593 ||| STAIRDANCE
  1674 | D:2      | 1674 ||| Stepping ~*~*~tactically~*~*~ (stealth).
  1795 | D:2      | Noticed Natasha
  1796 | D:2      | 1796 ||| Stepping ~*~*~tactically~*~*~ (hiding).
  1813 | D:2      | 1813 ||| Stepping ~*~*~tactically~*~*~ (stealth).
  1819 | D:2      | 1819 ||| Stepping ~*~*~tactically~*~*~ (outnumbered).
  1822 | D:2      | HP: 7/28 [Natasha (5)]
  1823 | D:2      | 1823 ||| READING 2 scrolls of teleportation.
  1823 | D:2      | Killed from afar by Natasha

Levels and vault maps discovered:
D:1:      lemuel_arrival_funnel, layout_rooms, serial_forest,
          infiniplex_forest_straight_2, infiniplex_forest_fountain,
          infiniplex_forest_corner_1, infiniplex_forest_pool,
          infiniplex_forest_pool, infiniplex_forest_lined_4_way,
          infiniplex_forest_lined_room_2, infiniplex_forest_lined_2,
          infiniplex_forest_lined_3_way, infiniplex_forest_lined_3,
          basic_ecumenical_altar
D:2:      layout_loops_cross, serial_rivers, chequers_serial_rivers_small_3,
          chequers_serial_rivers_small_b, chequers_serial_rivers_small_3,
          chequers_serial_rivers_room_b, serial_park_tiny_pond,
          dilly_guarded_unrand_morg

Skill      XL: |  1  2  3 |
---------------+----------+-----
Unarmed Combat | 1 2 3 |  3.2
Fighting       | 1 |  1.0
Dodging        | |  1.7
Stealth        | |  2.1
Spellcasting   | |  1.7
Conjurations   | |  0.7
Fire Magic     | |  2.4

Action                   || total
-------------------------++-------
Melee: Unarmed           ||   104
  Use: Scroll            ||     3
Armor: Robe              ||    18
       Scale mail        ||    18
Dodge: Dodged            ||    66

Table legend:
 A = Non-vault XP
 B = Vault XP
 C = Vault XP percentage of total XP
 D = Non-vault monster count
 E = Vault monster count
 F = Vault count percentage of total count
                 A         B        C        D         E       F
            +---------+---------+-------+---------+---------+-------
      Total |      61 |       7 |  10.3 |      26 |       2 |   7.1
            +---------+---------+-------+---------+---------+-------
        D:1 |      42 |       0 |   0.0 |      17 |       0 |   0.0
        D:2 |      19 |       7 |  26.9 |       9 |       2 |  18.2
            +---------+---------+-------+---------+---------+-------
